 Dungeon Crawl Stone Soup version 0.22.1-6-g1668fe2c40 (webtiles) character file.

324 Kohma the Slasher (level 6, -1/52 HPs)
             Began as a Draconian Fighter on Jan 24, 2019.
             Slain by a worker ant (4 damage)
             ... on level 4 of the Dungeon.
             The game lasted 00:07:45 (3445 turns).

Kohma the Slasher (Draconian Fighter)               Turns: 3445, Time: 00:07:46

Health: -1/52      AC:  7    Str: 20    XL:     6   Next: 23%
Magic:  6/6        EV: 12    Int:  9    God:
Gold:   137        SH:  4    Dex: 10    Spells: 5/5 levels left

rFire    . . .     SeeInvis .   a - +1 long sword
rCold    . . .     Gourm    .   h - +0 buckler
rNeg     . . .     Faith    .   (armour unavailable)
rPois    .         Spirit   .   (helmet restricted)
rElec    .         Reflect  .   n - +0 cloak (curse)
rCorr    .         Harm     .   (no gloves)
MR       .....                  (no boots)
Stlth    +.........             (no amulet)
HPRegen  0.17/turn              (no ring)
MPRegen  0.10/turn              (no ring)

@: no status effects
A: unfitting armour, cold-blooded, AC +6
a: no special abilities


You were on level 4 of the Dungeon.
You were not hungry.

You visited 1 branch of the dungeon, and saw 4 of its levels.

You collected 137 gold pieces.

Inventory:

Hand Weapons
 a - a +1 long sword (weapon)
Missiles
 j - 48 stones
 r - 7 poisoned tomahawks (quivered)
Armour
 b - a +0 shield
 h - a +0 buckler (worn)
 m - a +2 cloak of magic resistance
 n - a cursed +0 cloak (worn)
Jewellery
 f - an uncursed ring of protection from cold {unknown}
Wands
 p - a wand of digging (33)
Scrolls
 l - a scroll of enchant weapon
 q - a scroll of fear {unknown}
Potions
 c - a potion of might
 e - 2 potions of resistance {unknown}
 i - 2 potions of mutation {unknown}
 k - 2 potions of lignification {unknown}
 o - 3 potions of curing {unknown}
 s - a potion of haste {unknown}
Comestibles
 d - a ration


   Skills:
 + Level 3.9 Fighting
 * Level 5.0 Long Blades
 - Level 2.6 Dodging
 + Level 0.9 Stealth
 * Level 4.7 Shields


You had 5 spell levels left.
You didn't know any spells.
Your spell library was empty.

Dungeon Overview and Level Annotations

Branches:
Dungeon (4/15)
 Temple: D:4-7

Altars:
Elyvilon
Fedhas


Innate Abilities, Weirdness & Mutations

Your plain brown scales are hard. (AC +6)
You cannot fit into any form of body armour.
You are cold-blooded and may be slowed by cold attacks.


Message History

An orc priest comes into view. It is wielding a flail.
The orc wizard mumbles some strange words.
The orc wizard blinks!
An orc priest comes into view. It is wielding a club.
Found a ration.
Found a blossoming altar of Fedhas.
As you read the scroll of teleportation, it crumbles to dust.
You feel strangely unstable.
The orc priest invokes the aid of Beogh against you.
You barely resist.
Your surroundings suddenly seem different.
A worker ant comes into view.
The worker ant twitches its antennae in your direction.
Found 2 rations and a scroll of teleportation.
A quokka comes into view.
Found a white marble altar of Elyvilon.
You block the worker ant's attack.
You barely miss the quokka. The quokka bites you.
* * * LOW HITPOINT WARNING * * *
The worker ant bites you.
You die...

.... ..#
.≈≈≈≈≈≈≈≈≈≈
#...###.#
...≈≈#.#
♣..≈#.# ..
.....#
♣._.♣?%.#
...r....#
#a# #@# #r#
..# ...#
#.... .....
.%....
#.......


You could see a worker ant and a quokka.

Vanquished Creatures
  A howler monkey (D:4)
  Crazy Yiuf (D:2)
  A bullfrog skeleton (D:2)
  An iguana (D:4)
  An orc wizard (D:4)
  2 gnolls (D:4)
  6 adders
  2 oozes
  4 worms
  A dart slug (D:2)
  2 leopard geckos
  2 orcs (D:4)
  2 ball pythons
  4 bats
  4 giant cockroaches
  8 goblins
  9 hobgoblins
  2 jackals
  4 quokkas
  5 frilled lizards
  9 kobolds
  11 rats
82 creatures vanquished.

Vanquished Creatures (others)
  A ball python (D:4)
1 creature vanquished.

Grand Total: 83 creatures vanquished

Notes
Turn   | Place    | Note
-------+----------+-------------------------------------------
     0 | D:1      | Kohma the Draconian Fighter began the quest for the Orb.
     0 | D:1      | Reached XP level 1. HP: 19/19 MP: 1/1
   237 | D:1      | Reached XP level 2. HP: 19/26 MP: 2/2
  1004 | D:2      | Reached XP level 3. HP: 17/31 MP: 3/3
  1400 | D:2      | Found a runed door.
  1404 | D:2      | Noticed Crazy Yiuf
  1411 | D:2      | Killed Crazy Yiuf
  1411 | D:2      | Reached skill level 3 in Long Blades
  1411 | D:2      | Reached XP level 4. HP: 37/39 MP: 4/4
  1630 | D:2      | Found a faded altar of an unknown god.
  1788 | D:2      | Reached XP level 5. HP: 42/46 MP: 5/5
  2290 | D:3      | Reached skill level 4 in Long Blades
  3389 | D:4      | Reached XP level 6. HP: 35/52 MP: 6/6
  3428 | D:4      | Reached skill level 5 in Long Blades
  3438 | D:4      | Found a blossoming altar of Fedhas.
  3443 | D:4      | Found a white marble altar of Elyvilon.
  3445 | D:4      | Slain by a worker ant

Skill      XL: |  1  2  3  4  5  6 |
---------------+-------------------+-----
Long Blades    | 3 4 5 |  5.0
Shields        | 4 |  4.7
Fighting       | |  3.9
Dodging        | |  2.6
Stealth        | |  0.9

Action                   |  1- 3 |  4- 6 || total
-------------------------+-------+-------++-------
Melee: Long sword        |    88 |   142 ||   230
       Tailslap          |    10 |    22 ||    32
  Use: Scroll            |       |     6 ||     6
  Eat: Chunk             |     2 |     6 ||     8
Armor: Skin              |    18 |    36 ||    54
Dodge: Dodged            |    38 |    58 ||    96
Block: Shield            |    49 |    53 ||   102
       Buckler           |       |     5 ||     5
       Rpst.: Long sword |    14 |    20 ||    34
